Map: Efflorescence LE

Players

qqq

  • Race: Zerg Zerg
  • Spawn Location: 6:00

Massa

  • Race: Terran Terran
  • League: Platinum
  • Spawn Location: 9:00

VitLi - Winner!

  • Race: Zerg Zerg
  • League: Diamond
  • Spawn Location: 3:00

Morricone - Winner!

  • Race: Protoss Protoss
  • Spawn Location: 12:00

VOD

Have the link to the VOD?

Description

Time

  • Played on: Oct. 23, 2020, 5:42 p.m.
  • Length: 15:55
Show
View Real Time Build Order
Export as new Build Order

qqq Zerg 

Build Orders: Hatch First, Brood Lord Corruptor 

Get SALT Encoding   

  12  0:01  Drone  
  13  0:08  Drone  
  14  0:35  Hatchery  
  13  0:38  Drone  
  14  0:59  Spawning Pool  
  13  1:04  Overlord  
  13  1:10  Drone  
  14  1:14  Extractor  
  13  1:23  Drone x2  
  15  1:27  Drone  
  16  1:39  Drone  
  17  2:02  Drone x2  
  19  2:10  Extractor  
  19  2:12  Drone  
  19  2:13  Zergling x4  
  19  2:14  Zergling x2  
  22  2:16  Queen  
  22  2:20  Drone  
  25  2:24  Metabolic Boost  
  25  2:30  Overlord  
  25  2:36  Drone  
  26  2:51  Drone  
  26  2:52  Drone x3  
  26  2:55  Queen  
  32  3:03  Lair  
  32  3:08  Zergling x2  
  32  3:10  Drone  
  34  3:15  Drone  
  34  3:18  Drone  
  36  3:23  Overlord  
  36  3:36  Overlord  
  36  3:58  Drone x3  
  36  4:02  Drone x3  
  42  4:04  Extractor  
  42  4:06  Extractor  
  42  4:09  Extractor  
  39  4:11  Drone x2  
  39  4:12  Drone x3  
  39  4:14  Overlord  
  44  4:34  Spire  
  44  4:36  Zergling x4  
  42  4:41  Drone x6  
  42  4:42  Hatchery  
  42  4:43  Zergling x2  
  47  4:59  Zergling x4  
  49  5:00  Drone  
  50  5:15  Drone x2  
  50  5:16  Overlord x2  
  50  5:17  Overlord  
  52  5:23  Overlord  
  52  5:29  Infestation Pit  
  52  5:33  Drone, Overlord  
  52  5:34  Overlord x3  
  52  5:45  Mutalisk x3  
  52  5:47  Mutalisk  
  52  5:48  Zerg Flyer Weapons Level 1  
  60  5:54  Mutalisk x2  
  64  6:01  Drone  
  64  6:02  Queen  
  67  6:04  Mutalisk  
  67  6:06  Overlord  
  67  6:07  Drone  
  70  6:22  Mutalisk x2  
  70  6:24  Drone  
  75  6:31  Drone, Spine Crawler  
  75  6:33  Spine Crawler  
  72  7:01  Mutalisk x4  
  73  7:10  Spine Crawler  
  73  7:11  Drone x3  
  73  7:14  Spine Crawler  
  73  7:15  Hive  
  70  7:31  Drone  
  70  7:32  Mutalisk x2  
  70  7:33  Hatchery  
  74  7:48  Mutalisk x2  
  78  8:16  Drone  
  78  8:17  Drone  
  80  8:24  Mutalisk  
  82  8:37  Hatchery  
  81  8:42  Corruptor x4  
  81  8:43  Hatchery  
  88  8:51  Hatchery  
  81  9:19  Drone x3  
  84  9:31  Mutalisk x2, Greater Spire  
  84  9:32  Corruptor x2  
  84  9:34  Drone  
  93  9:52  Corruptor x2  
  97  9:53  Drone x2  
  97  9:57  Extractor  
  97  9:59  Extractor  
  97  10:00  Mutalisk  
  98  10:29  Drone x8  
  98  10:46  Drone x4  
  98  10:48  Corruptor x3  
  104  10:53  Brood Lord x2  
  107  11:03  Brood Lord  
  108  11:04  Zergling x2  
  108  11:05  Zergling x14  
  108  11:06  Drone, Zergling x6  
  108  11:07  Drone, Queen  
  123  11:24  Brood Lord x2  
  127  11:27  Hatchery  
  118  11:39  Brood Lord x2  
  119  11:41  Hatchery  
  119  11:43  Queen  
  120  11:54  Brood Lord  
  120  11:56  Zergling x2  
  120  11:57  Zergling x8  
  119  12:09  Brood Lord x2  
  115  12:23  Overlord x5  
  100  12:33  Brood Lord  
  100  12:36  Corruptor x2  
  93  13:07  Corruptor x4  
  93  13:19  Hatchery  
  87  13:23  Brood Lord  
  83  13:38  Drone x3  
  86  13:47  Zerg Flyer Armor Level 1  
  86  13:55  Drone x3  
  83  14:08  Hatchery  
  82  14:12  Drone x4  
  86  14:19  Brood Lord x2  
  90  14:28  Spine Crawler x2  
  90  14:29  Spine Crawler x2  
  83  14:31  Brood Lord  
  81  14:51  Corruptor x2  
  81  15:17  Corruptor x3  
  81  15:19  Drone x2  
  81  15:20  Drone  
  90  15:26  Corruptor  
Show
View Real Time Build Order
Export as new Build Order

Massa Terran 

Build Orders: Gas First Reaper Expand 

Get SALT Encoding   

  12  0:02  SCV  
  13  0:14  SCV  
  14  0:23  Supply Depot  
  14  0:26  SCV  
  15  0:35  Refinery  
  15  0:44  SCV  
  15  0:47  Barracks  
  16  0:56  SCV  
  16  1:23  SCV  
  17  1:35  SCV  
  18  1:41  Reaper  
  19  1:47  Orbital Command  
  19  1:53  Command Center  
  19  2:12  Marine, Supply Depot  
  20  2:22  Bunker  
  20  2:30  Marine  
  20  2:34  Supply Depot  
  21  2:37  SCV  
  22  2:48  Marine  
  23  2:57  Barracks  
  23  3:00  Factory  
  23  3:06  Marine  
  24  3:13  Orbital Command  
  24  3:17  SCV  
  25  3:29  SCV  
  26  3:41  SCV  
  27  3:47  Barracks Tech Lab, Factory Tech Lab  
  27  3:51  SCV  
  27  3:53  SCV  
  29  3:57  Refinery  
  29  4:03  SCV  
  29  4:05  SCV  
  29  4:08  Barracks Reactor  
  29  4:09  Starport  
  31  4:12  Siege Tank  
  31  4:13  Barracks  
  31  4:14  Marauder  
  36  4:24  Refinery  
  36  4:35  Marauder  
  38  4:42  Stimpack  
  38  4:50  Marine x2  
  40  4:55  SCV x2  
  40  4:56  Marine  
  43  5:05  Medivac  
  43  5:07  SCV x2  
  46  5:08  Marine x2  
  49  5:15  Marauder  
  49  5:17  Refinery  
  49  5:19  SCV x2  
  53  5:25  Engineering Bay  
  53  5:26  Marine  
  54  5:34  Supply Depot x2  
  54  5:37  Supply Depot  
  54  5:47  Barracks Tech Lab  
  54  5:55  SCV x2, Marine x2  
  54  5:56  Marauder  
  60  5:59  Liberator  
  63  6:05  Missile Turret  
  63  6:08  SCV  
  64  6:12  SCV  
  64  6:13  Marine  
  64  6:17  Marauder  
  64  6:18  Missile Turret  
  68  6:20  SCV  
  68  6:22  Combat Shield  
  68  6:24  SCV, Siege Tank  
  73  6:32  SCV  
  74  6:39  Missile Turret  
  68  7:37  Marauder x2, Marine x2  
  72  7:51  Armory  
  72  7:55  Marine x2, Command Center  
  72  7:58  Marauder  
  76  7:59  Marauder  
  78  8:22  Terran Infantry Armor Level 1, Supply Depot  
  78  8:27  Engineering Bay  
  78  8:29  Ghost Academy  
  78  8:44  SCV, Marauder x2, Marine x2  
  78  8:46  Supply Depot  
  85  8:59  Missile Turret  
  85  9:01  Marine  
  86  9:06  Marine  
  86  9:07  Marauder x2, Siege Tank  
  94  9:10  Supply Depot  
  94  9:18  Command Center  
  94  9:20  Missile Turret  
  94  9:28  Marauder x2  
  98  9:33  Supply Depot  
  98  9:39  Siege Tank  
  98  9:42  Missile Turret  
  98  9:43  Marine x2  
  103  9:49  Concussive Shells  
  103  9:50  Marauder x2  
  107  9:56  Supply Depot  
  107  10:00  Marine  
  107  10:01  Barracks x2, Marine  
  107  10:03  Barracks  
  107  10:05  Barracks  
  92  10:11  Marauder x2  
  86  10:18  Marine  
  86  10:19  Marine  
  86  10:20  Supply Depot  
  88  10:22  Orbital Command  
  88  10:23  SCV x2  
  90  10:28  Terran Vehicle Weapons Level 1  
  90  10:32  Marauder x2  
  90  10:35  SCV x2  
  95  10:36  Marine  
  97  10:47  SCV  
  97  10:48  SCV  
  99  10:54  Marauder x2  
  102  10:59  SCV  
  102  11:00  SCV  
  104  11:11  SCV  
  104  11:12  SCV  
  103  11:23  Marauder, Marine  
  103  11:24  Marauder, Marine  
  109  11:27  Barracks Reactor x2, Barracks Tech Lab x2  
  100  11:41  Marine  
  100  11:42  Marine  
  100  11:45  Marauder x2  
  106  11:59  Marine  
  106  12:00  Marine  
  108  12:06  Marauder  
  108  12:07  Marauder  
  112  12:10  Command Center  
  107  12:19  Marauder x2, Marine  
  107  12:20  Marine x2  
  114  12:27  Marauder  
  114  12:28  Marauder  
  116  12:40  Marauder  
  116  12:41  Marauder  
  101  12:49  Marauder x2  
  83  13:00  Siege Tank  
  83  13:01  Marine  
  83  13:02  Marauder x2, Marine x5  
  82  13:10  Marauder  
  82  13:11  SCV, Marauder  
  82  13:12  SCV  
  76  13:19  Marine  
  77  13:23  SCV, Marauder  
  77  13:24  SCV, Marauder  
  83  13:32  Marauder x2, Siege Tank  
  88  13:36  SCV  
  88  13:37  Bunker  
  88  13:41  Bunker  
  86  13:44  Marauder  
  86  13:45  Marauder  
  90  13:53  Marauder  
  84  14:04  Siege Tank  
  84  14:06  Command Center  
  87  14:11  SCV x2  
  89  14:23  SCV x2  
  91  14:37  Siege Tank  
  91  14:38  SCV x2  
  96  14:50  SCV x2  
  96  14:51  Medivac  
  73  15:01  Marauder  
  73  15:02  SCV x2, Marauder x3, Marine  
  56  15:21  SCV, Medivac  
  56  15:23  Marauder x2  
  55  15:30  Marauder, Marine x3  
  55  15:31  Marine  
  55  15:33  SCV  
Show
View Real Time Build Order
Export as new Build Order

VitLi Zerg - Winner!

Build Orders: Pool First 

Get SALT Encoding   

  12  0:00  Drone  
  13  0:13  Overlord  
  13  0:18  Drone  
  14  0:31  Drone x2  
  14  0:35  Drone  
  17  0:40  Extractor  
  16  0:46  Drone  
  17  0:58  Spawning Pool  
  17  0:59  Drone  
  17  1:22  Hatchery  
  16  1:27  Overlord  
  16  1:45  Zergling x6  
  19  1:57  Metabolic Boost  
  19  2:03  Queen  
  21  2:19  Drone x2  
  21  2:20  Drone  
  24  2:33  Queen  
  24  2:35  Drone  
  26  2:48  Zergling x6  
  27  2:53  Drone  
  28  3:01  Drone  
  29  3:14  Drone  
  29  3:15  Drone x2  
  32  3:29  Zergling x6  
  35  3:46  Baneling Nest  
  35  3:48  Zergling x2  
  35  3:56  Spine Crawler  
  35  4:00  Zergling x2  
  35  4:01  Overlord x3  
  35  4:06  Overlord x2  
  33  4:43  Drone x3  
  33  4:44  Drone x2, Overlord x2  
  38  4:47  Spore Crawler  
  38  4:49  Drone, Spore Crawler  
  37  4:55  Drone x2  
  37  4:59  Roach Warren  
  38  5:04  Extractor  
  37  5:07  Drone x2  
  37  5:13  Pneumatized Carapace  
  39  5:24  Baneling x5  
  39  5:32  Drone x3  
  39  5:33  Drone  
  43  5:40  Drone x2  
  45  5:58  Extractor  
  45  5:59  Extractor  
  43  6:11  Hatchery  
  42  6:21  Lair  
  42  6:22  Drone  
  42  6:23  Drone x3  
  42  6:24  Drone x2  
  42  6:25  Roach x6  
  60  6:33  Spore Crawler  
  60  6:38  Spore Crawler  
  58  6:40  Drone x2  
  58  6:41  Drone  
  60  7:06  Zergling x10  
  60  7:07  Zergling x2  
  63  7:31  Glial Reconstitution  
  63  7:33  Queen, Hydralisk Den  
  64  7:53  Drone x5  
  64  7:56  Drone x3  
  72  8:05  Hydralisk x3  
  72  8:06  Hydralisk x3  
  72  8:09  Muscular Augments  
  84  8:13  Hydralisk x2  
  84  8:15  Overlord x3  
  84  8:16  Overlord  
  88  8:24  Hatchery  
  87  8:30  Hydralisk  
  89  8:41  Queen  
  89  8:42  Spore Crawler  
  85  8:57  Hydralisk x2  
  89  9:06  Overlord x2  
  89  9:21  Grooved Spines  
  89  9:24  Overlord x2  
  89  9:25  Overlord x2  
  89  9:27  Overseer  
  89  9:39  Hydralisk x4  
  89  9:40  Hydralisk x2  
  101  9:53  Hydralisk x2  
  73  10:08  Hydralisk x4  
  79  10:23  Spore Crawler  
  79  10:26  Evolution Chamber x2  
  79  10:27  Overlord  
  72  10:28  Hydralisk  
  72  10:29  Hydralisk  
  68  10:40  Hydralisk  
  68  10:41  Hydralisk x4  
  80  10:50  Roach x2  
  80  10:52  Hydralisk x3, Roach x3  
  80  10:54  Overlord  
  94  10:58  Drone  
  95  11:05  Queen  
  91  11:41  Hydralisk x5, Roach x5  
  91  11:42  Hydralisk  
  109  11:58  Zerg Missile Weapons Level 1, Zerg Ground Armor Level 1  
  105  12:26  Roach  
  105  12:27  Hydralisk x4, Roach x5  
  97  13:25  Hydralisk x3  
  97  13:26  Hydralisk x11  
  99  13:34  Spire  
  99  13:40  Drone x3  
  101  13:49  Drone x3  
  104  14:16  Overlord  
  104  14:17  Overlord  
  104  14:19  Drone x2, Extractor x2  
  96  14:51  Mutalisk x9  
  96  14:52  Mutalisk x2  
  100  15:10  Mutalisk, Zergling x8  
  100  15:11  Mutalisk  
  100  15:16  Mutalisk  
  102  15:28  Mutalisk x2  
Show
View Real Time Build Order
Export as new Build Order

Morricone Protoss - Winner!

Build Orders: Zealot Archon 

Get SALT Encoding   

  12  0:01  Probe  
  13  0:13  Probe  
  14  0:19  Pylon  
  14  0:25  Probe  
  15  0:37  Probe (Chrono Boost)  
  15  0:41  Gateway  
  16  0:49  Probe (Chrono Boost)  
  17  0:50  Assimilator  
  17  0:55  Probe (Chrono Boost)  
  18  1:03  Probe  
  19  1:16  Probe  
  19  1:28  Probe  
  19  1:29  Cybernetics Core  
  20  1:36  Pylon  
  20  1:37  Zealot (Chrono Boost)  
  22  1:42  Probe  
  23  1:55  Probe  
  24  2:07  Probe, Warp Gate (Chrono Boost)  
  25  2:09  Shield Battery  
  25  2:14  Adept  
  27  2:18  Assimilator  
  27  2:19  Probe  
  27  2:21  Pylon  
  28  2:31  Probe  
  29  2:44  Nexus  
  29  2:49  Pylon  
  29  2:59  Probe  
  30  3:11  Probe  
  31  3:12  Twilight Council  
  31  3:17  Gateway  
  31  3:23  Shield Battery  
  31  3:27  Probe  
  31  3:31  Shield Battery  
  32  3:39  Probe  
  33  3:48  Charge (Chrono Boost)  
  32  3:51  Adept  
  34  4:03  Gateway  
  34  4:07  Gateway  
  34  4:09  Probe  
  36  4:10  Probe  
  36  4:14  Adept  
  38  4:31  Probe  
  38  4:36  Templar Archives  
  39  4:38  Stalker  
  39  4:39  Assimilator  
  39  4:45  Assimilator  
  41  4:50  Probe x2  
  43  5:01  Psionic Storm, Pylon  
  43  5:02  Probe x2  
  43  5:04  Forge  
  43  5:06  Pylon  
  45  5:14  Probe, Pylon  
  45  5:15  Probe  
  47  5:26  Probe, High Templar  
  50  5:35  Protoss Ground Weapons Level 1 (Chrono Boost)  
  50  5:36  Stalker  
  50  5:38  Probe  
  53  5:48  Probe  
  54  5:51  Probe  
  54  5:56  High Templar  
  57  5:58  Zealot  
  57  6:01  Zealot x2  
  57  6:03  Probe x2  
  65  6:15  Probe x2  
  67  6:27  Probe x2  
  67  6:29  Pylon  
  69  6:33  Nexus  
  69  6:36  Pylon  
  69  6:43  Zealot x4  
  77  6:50  Archon  
  71  7:13  High Templar x4  
  79  7:17  Shield Battery  
  79  7:20  Photon Cannon  
  79  7:21  Photon Cannon  
  75  7:50  Archon x2  
  73  7:52  Stalker x2  
  73  7:53  Stalker x2  
  74  8:07  Photon Cannon  
  74  8:10  Photon Cannon  
  74  8:13  Pylon  
  74  8:18  Photon Cannon, Protoss Ground Weapons Level 2 (Chrono Boost)  
  74  8:20  High Templar, Pylon  
  74  8:21  High Templar x3  
  74  8:23  Pylon, Shield Battery  
  82  8:28  Photon Cannon  
  82  8:33  Photon Cannon  
  82  8:38  Pylon  
  82  8:41  Probe x2  
  84  8:43  Shield Battery  
  84  8:44  Pylon  
  84  8:53  Probe x2  
  86  9:03  High Templar x2  
  86  9:04  Stalker  
  86  9:06  Probe x2  
  94  9:18  Gateway  
  94  9:30  Gateway  
  94  9:32  Gateway  
  94  9:34  Assimilator  
  94  9:37  Pylon  
  94  9:42  Assimilator  
  94  9:47  Pylon  
  94  9:48  Stalker x2  
  94  9:49  Shield Battery  
  98  9:53  Photon Cannon  
  98  9:55  Photon Cannon  
  98  9:58  Pylon  
  98  10:00  Zealot  
  98  10:02  Shield Battery  
  98  10:03  Shield Battery  
  98  10:06  Pylon  
  100  10:09  Pylon  
  86  10:24  Stalker x2  
  86  10:25  Stalker  
  92  10:38  Stalker x2  
  84  11:01  Zealot x3  
  84  11:02  Zealot x2  
  84  11:03  Protoss Ground Weapons Level 3 (Chrono Boost)  
  92  11:14  Gateway x2  
  92  11:17  Pylon  
  82  11:21  Zealot  
  82  11:22  Zealot x5  
  82  11:25  Probe x2  
  94  11:29  Photon Cannon  
  94  11:31  Photon Cannon  
  94  11:37  Probe x2  
  96  11:42  High Templar x2  
  96  11:43  High Templar x4  
  108  11:50  Archon x3  
  88  12:19  High Templar x4  
  88  12:20  Zealot x2  
  86  12:41  Zealot x2  
  86  12:53  Zealot x2  
  86  12:54  Zealot x2  
  88  13:09  Archon  
  84  13:13  Zealot x2  
  84  13:14  Zealot x4  
  97  13:20  Probe x2  
  97  13:24  Nexus  
  97  13:27  Gateway, Pylon  
  98  13:28  Pylon  
  98  13:32  Probe x2  
  100  13:35  Gateway  
  100  13:37  Gateway  
  82  13:59  Stalker x6  
  90  14:20  High Templar x2  
  90  14:21  Zealot  
  90  14:23  Stalker x6  
  108  14:25  Probe  
  108  14:26  Probe  
  110  14:39  Zealot x2  
  110  14:42  Zealot  
  116  14:46  Zealot x6  
  116  15:04  Zealot x5  
  124  15:19  Stalker x3  
  124  15:20  Stalker x3  
Tags
 
Add a new tag
Caveats
  • Supply blocks, unpowered buildings, or Contaminate may cause inaccurate times.
  • Supply counts are checked every 10 seconds.